 Dungeon Crawl Stone Soup version 0.29.0-4-gdea44cf6ec (webtiles) character file.

Game seed: 1344045319963987064

609 qw the Cleaver (level 7, -2/41 HPs)
             Began as a Tengu Warper on Aug 28, 2022.
             Slain by Duvessa
             ... wielding a +0 short sword
              (10 damage)
             ... on level 5 of the Dungeon.
             The game lasted 00:00:28 (5568 turns).

qw the Cleaver (Tengu Warper)                       Turns: 5568, Time: 00:00:29

Health: -2/41      AC: 12    Str: 14    XL:     7   Next: 43%
Magic:  11/11      EV: 11    Int: 13    God:
Gold:   213        SH:  0    Dex: 13    Spells: 10/10 levels left

rFire   . . .      SeeInvis .   Y - +0 war axe (vamp)
rCold   . . .      Faith    .   (no shield)
rNeg    . . .      Spirit   .   d - +0 scale mail
rPois   .          Reflect  .   (helmet restricted)
rElec   .          Harm     .   c - +0 cloak
rCorr   .          Rampage  .   e - +2 pair of gloves
Will    .....                   (boots unavailable)
Stlth   ..........              (no amulet)
HPRegen 0.13/turn               (no ring)
MPRegen 0.12/turn               (no ring)

@: flying quickly and evasively, quick
A: beak, talons 3, nimble flight, iridescent scales 1
a: no special abilities


You were on level 5 of the Dungeon.
You visited 2 branches of the dungeon, and saw 7 of its levels.

You collected 279 gold pieces.
You spent 66 gold pieces at shops.


Innate Abilities, Weirdness & Mutations

You have a beak for a mouth.
You have claws for feet.
Your magical nature lets you fly swiftly and evasively.
You are partially covered in iridescent scales. (AC +2)


   Skills:
 - Level 3.0 Fighting
 + Level 8.0 Axes
 - Level 1.9 Throwing
 - Level 2.0 Armour
 - Level 2.1 Dodging
 - Level 2.0 Spellcasting
 - Level 2.4 Translocations


You had 10 spell levels left.
You didn't know any spells.
Your spell library contained the following spells:

 Spells                   Type           Power      Damage    Failure   Level
 Blink                    Tloc           14%        N/A       52%         2
 Gell's Gravitas          Tloc           7%         N/A       77%         3
 Lesser Beckoning         Tloc           7%         N/A       77%         3
 Teleport Other           Tloc           7%         N/A       77%         3
 Manifold Assault         Tloc           7%         N/A       100%        5

Inventory:

Hand Weapons
 j - a +0 flail
 Y - a +0 vampiric war axe (weapon)
Armour
 c - a +0 cloak (worn)
 d - a +0 scale mail (worn)
 e - a +2 pair of gloves (worn)
Scrolls
 i - a scroll of silence {unknown}
 k - a scroll of enchant armour {unknown}
 n - a scroll of identify
Potions
 a - 2 potions of mutation
 f - 5 potions of curing
 g - a potion of haste {unknown}

Dungeon Overview and Level Annotations

Branches:
Dungeon (6/15)             Temple (1/1) D:4

Altars:
Ashenzari
Cheibriados
Elyvilon
Fedhas
Hepliaklqana
Nemelex Xobeh
Ru
Sif Muna
Trog
Uskayaw
Wu Jian
Yredelemnul
Zin
The Shining One

Shops:
D:2 !   D:4 *

Annotations:
D:5 Duvessa


Message History

Duvessa is lightly wounded.
Duvessa closely misses you. Duvessa barely misses you.
You hit Duvessa. Your kick misses Duvessa.
Duvessa is lightly wounded.
Duvessa hits you with a +0 short sword!
You closely miss Duvessa. You claw Duvessa.
Duvessa is lightly wounded.
Duvessa hits you with a +0 short sword. Duvessa barely misses you.
You slash Duvessa! Your kick misses Duvessa.
Duvessa is moderately wounded.
Duvessa hits you with a +0 short sword! x2
5560 ||| DRINKING 2 potions of heal wounds.
You feel much better. Duvessa hits you with a +0 short sword!
You barely miss Duvessa.
Duvessa is moderately wounded.
Duvessa barely misses you. Duvessa hits you with a +0 short sword.
You hit Duvessa.
You feel better.
You claw Duvessa. Your peck misses Duvessa.
Duvessa is heavily wounded.
Duvessa hits you with a +0 short sword.
You hit Duvessa. You claw Duvessa. You peck Duvessa, but do no damage.
Duvessa is heavily wounded.
Duvessa hits you but does no damage. Duvessa hits you with a +0 short sword!
5564 ||| DRINKING potion of heal wounds.
You feel much better. Duvessa barely misses you.
You barely miss Duvessa. Your peck misses Duvessa.
Duvessa is heavily wounded.
Duvessa hits you with a +0 short sword! x2
You slash Duvessa! You claw Duvessa. Your peck misses Duvessa.
Duvessa is severely wounded.
Duvessa hits you with a +0 short sword. x2
You hit Duvessa.
You feel better.
Your kick misses Duvessa. Your peck misses Duvessa.
You punch Duvessa, but do no damage.
Duvessa is almost dead.
Duvessa hits you but does no damage.
You closely miss Duvessa. Your kick misses Duvessa.
Duvessa is almost dead.
Duvessa hits you with a +0 short sword!
You die...

#.# ...........'...........
#.# .........###...........
#.# .......)..(......#####.
#.# .................'.).+.
#######.#
.................#####.
........#########..........#
###. ######...# #.......#..#
#... #...# ######e......#..#
#... #...# #....@.......#..#
#... #..####.#####......#..#
#... ######.....#.#
#......#..###...
.........#.#.#
#......#....+...
#####....#.#.#
#####'##..###...
#########.#.# #.##.## #...
#.........#.# #.##.# ####
#.#########.# #.##.# #.# #.#
#)##.#


You could see Duvessa (berserk).

Vanquished Creatures
  A centaur (D:5)
  A necrophage (D:5)
  Dowan (D:5)
  2 jellies
  2 hounds (D:5)
  An iguana (D:4)
  2 orc wizards (D:5)
  15 adders
  A white imp (D:6)
  2 worms (D:2)
  2 dart slugs
  6 orcs
  7 ball pythons
  8 endoplasms
  2 giant cockroaches
  6 goblins
  7 hobgoblins
  A jackal (D:3)
  5 kobolds
  4 quokkas
  4 bats
  3 frilled lizards
  7 rats
90 creatures vanquished.

Notes
Turn   | Place    | Note
-------+----------+-------------------------------------------
     0 | D:1      | qw the Tengu Warper began the quest for the Orb.
     0 | D:1      | Reached XP level 1. HP: 12/12 MP: 4/4
     0 | D:1      | 0 ||| qw: Version: 0.1-a-89-g26bdef1
     0 | D:1      | 0 ||| qw: Game counter: 1730
     0 | D:1      | 0 ||| qw: Always use a shield: true
     0 | D:1      | 0 ||| qw: God list: Okawaru
     0 | D:1      | 0 ||| qw: Allow faded altars: false
     0 | D:1      | 0 ||| qw: Do Orc after D:15 true
     0 | D:1      | 0 ||| qw: Do second Lair branch before Depths: true
     0 | D:1      | 0 ||| qw: Lair rune preference: random
     0 | D:1      | 0 ||| qw: Plans: Normal
     0 | D:1      | 0 ||| PLANNING D:1-11
   100 | D:1      | Reached XP level 2. HP: 17/17 MP: 6/6
   119 | D:1      | Reached skill level 3 in Axes
   958 | D:1      | 958 ||| UPGRADING to +0 scale mail.
   968 | D:1      | 968 ||| DROPPING +0 leather armour.
   969 | D:1      | 969 ||| DROPPING +0 ring mail.
   970 | D:1      | 970 ||| READING 2 scrolls labelled JOASMA QAOGU.
   974 | D:1      | 974 ||| READING 2 scrolls labelled COS TOLUTHREPU.
   975 | D:1      | 975 ||| READING scroll of enchant weapon.
   975 | D:1      | 975 ||| ENCHANTING +1 hand axe.
   976 | D:1      | 976 ||| DROPPING scroll of blinking.
  1022 | D:2      | Identified the +8 dagger of Malaise {antimagic, Str+6
                  | Dex+7}
  1044 | D:2      | 1044 ||| Stepping ~*~*~tactically~*~*~ (stealth).
  1128 | D:2      | Found Pefoonwy's Distillery.
  1136 | D:2      | 1136 ||| BUYING potion of curing (33 gold).
  1136 | D:2      | Bought a potion of curing for 33 gold pieces
  1136 | D:2      | 1136 ||| BUYING potion of curing (33 gold).
  1136 | D:2      | Bought a potion of curing for 33 gold pieces
  1136 | D:2      | 1136 ||| SHOPLISTING potion of curing (33 gold, have 20).
  1136 | D:2      | 1136 ||| SHOPLISTING potion of haste (110 gold, have 20).
  1136 | D:2      | 1136 ||| SHOPLISTING potion of heal wounds (55 gold, have
                  | 20).
  1136 | D:2      | 1136 ||| SHOPLISTING potion of mutation (88 gold, have 20).
  1166 | D:2      | Reached XP level 3. HP: 21/21 MP: 7/7
  1371 | D:2      | Reached skill level 4 in Axes
  1378 | D:2      | 1378 ||| DROPPING +0 club.
  1391 | D:2      | 1391 ||| Stepping ~*~*~tactically~*~*~ (stealth).
  1849 | D:2      | 1849 ||| READING scroll labelled MIOVIPLA ZABELUTHRY.
  1850 | D:2      | 1850 ||| READING scroll labelled JAOVYMMULO.
  1851 | D:2      | 1851 ||| READING scroll labelled ZAIHOE KIPT.
  1852 | D:2      | 1852 ||| READING 2 scrolls of teleportation.
  1874 | D:3      | 1874 ||| Stepping ~*~*~tactically~*~*~ (stealth).
  1913 | D:3      | Reached XP level 4. HP: 26/26 MP: 8/8
  2021 | D:3      | Reached skill level 5 in Axes
  2259 | D:3      | 2259 ||| SWAPPING to +0 war axe.
  2260 | D:3      | 2260 ||| DROPPING +2 hand axe.
  2658 | D:3      | 2658 ||| UPGRADING to +0 cloak.
  2663 | D:3      | 2663 ||| READING scroll labelled UCUZ CIRYIRACS.
  2664 | D:3      | 2664 ||| READING 2 scrolls labelled BUPLE PAGUCUOM.
  2665 | D:3      | 2665 ||| DRINKING 2 fuming coppery potions.
  2665 | D:3      | Gained mutation: You do not regenerate when monsters are
                  | visible. [potion of mutation]
  2665 | D:3      | Gained mutation: Your flesh is heat resistant. (rF+)
                  | [potion of mutation]
  2666 | D:3      | 2666 ||| DRINKING potion of mutation.
  2666 | D:3      | Lost mutation: Your flesh is heat resistant. (rF+) [potion
                  | of mutation]
  2666 | D:3      | Lost mutation: You do not regenerate when monsters are
                  | visible. [potion of mutation]
  2666 | D:3      | Gained mutation: You are partially covered in iridescent
                  | scales. (AC +2) [potion of mutation]
  2667 | D:3      | 2667 ||| DRINKING 2 viscous brown potions.
  2668 | D:3      | 2668 ||| DROPPING potion of flight.
  2754 | D:4      | You fall into a shaft and drop 2 floors!
  2760 | D:6      | 2760 ||| Stepping ~*~*~tactically~*~*~ (hiding).
  2888 | D:6      | Gained mutation: Your magical nature lets you fly swiftly
                  | and evasively. [Tengu growth]
  2888 | D:6      | Reached XP level 5. HP: 30/30 MP: 9/9
  2904 | D:6      | Noticed a sky beast
  2904 | D:6      | Noticed a phantom
  2905 | D:6      | 2905 ||| READING scroll labelled CUSKOAKHOM.
  2906 | D:6      | 2906 ||| READING 2 scrolls of teleportation.
  2918 | D:5      | Entered Level 5 of the Dungeon
  3051 | D:5      | Reached skill level 6 in Axes
  3107 | D:5      | Reached XP level 6. HP: 35/35 MP: 10/10
  3126 | D:5      | 3126 ||| DROPPING +0 whip.
  3294 | D:5      | Reached skill level 7 in Axes
  3337 | D:4      | 3337 ||| Stepping ~*~*~tactically~*~*~ (stealth).
  3382 | D:4      | Found Topt's CLEARANCE SALE!.
  3422 | D:4      | Found a staircase to the Ecumenical Temple.
  3423 | D:4      | 3423 ||| PLANNING TEMPLE
  3423 | D:4      | 3423 ||| UPGRADING to +2 pair of gloves.
  3436 | Temple   | Entered the Ecumenical Temple
  3648 | Temple   | 3648 ||| PLANNING D:1-11
  3763 | D:4      | 3763 ||| Stepping ~*~*~tactically~*~*~ (stealth).
  3832 | D:4      | Found a glowing golden altar of the Shining One.
  3934 | D:4      | 3934 ||| Stepping ~*~*~tactically~*~*~ (stealth).
  4001 | D:4      | Reached skill level 3 in Fighting
  4017 | D:4      | HP: 7/37 [iguana (10)]
  4018 | D:4      | 4018 ||| READING scroll of teleportation.
  4519 | D:4      | 4519 ||| DRINKING 3 viscous cyan potions.
  4520 | D:4      | 4520 ||| READING 3 scrolls of identify.
  4520 | D:4      | 4520 ||| IDENTIFYING dark potion
  4521 | D:4      | 4521 ||| READING 2 scrolls of identify.
  4521 | D:4      | 4521 ||| IDENTIFYING bubbling red potion
  4522 | D:4      | 4522 ||| DROPPING potion of invisibility.
  4523 | D:4      | 4523 ||| DROPPING potion of attraction.
  4524 | D:4      | 4524 ||| DROPPING potion of lignification.
  4699 | D:5      | Reached XP level 7. HP: 29/41 MP: 11/11
  5005 | D:5      | Noticed Dowan
  5006 | D:5      | 5006 ||| Stepping ~*~*~tactically~*~*~ (hiding).
  5020 | D:5      | Killed Dowan
  5021 | D:5      | Reached skill level 8 in Axes
  5024 | D:5      | HP: 10/41 [poisoned by Dowan]
  5029 | D:5      | HP: 5/41 [poisoned by Dowan]
  5515 | D:5      | 5515 ||| DRINKING 6 potions of curing.
  5515 | D:5      | 5515 ||| (to cure confusion)
  5552 | D:5      | Noticed Duvessa
  5559 | D:5      | HP: 6/41 [Duvessa/+0 short sword (7)]
  5560 | D:5      | 5560 ||| DRINKING 2 potions of heal wounds.
  5564 | D:5      | 5564 ||| DRINKING potion of heal wounds.
  5566 | D:5      | HP: 9/41 [Duvessa/+0 short sword (3)]
  5566 | D:5      | HP: 3/41 [Duvessa/+0 short sword (6)]
  5568 | D:5      | Slain by Duvessa

Levels and vault maps discovered:
D:1:      lemuel_arrival_hallway, layout_basic, solitary_fountain
D:2:      layout_basic, serial_shops, nicolae_shop_advertising_works
          [nicolae_subvault_shop_adworks]
D:3:      minmay_spotlight, layout_rooms, kennysheep_generic_room_2
D:4:      layout_basic, mainiacjoe_overflow_tiny_flanked,
          minmay_temple_entry_mist, nicolae_shop_clearance
D:5:      layout_basic, uniq_duvessa
D:6:      minmay_general_purpose_star, layout_loops_cross,
          nicolae_overflow_hallway_of_the_gods, serial_shops,
          nicolae_diamond_shop, kennysheep_potato
Temple:   oiseaux_autumnal_temple

Skill      XL: |  1  2  3  4  5  6  7 |
---------------+----------------------+-----
Axes           | 3 4 5 6 7 8 |  8.0
Fighting       | 3 |  3.0
Armour         | 2 |  2.0
Throwing       | |  1.9
Dodging        | |  2.1
Spellcasting   | |  2.0
Translocations | |  2.4

Action                   |  1- 3 |  4- 6 |  7- 9 || total
-------------------------+-------+-------+-------++-------
Melee: Hand axe          |    75 |    21 |       ||    96
       Kick              |    20 |    33 |     9 ||    62
       Peck              |     5 |    23 |     4 ||    32
       War axe           |       |   131 |    36 ||   167
       Punch             |       |     3 |     2 ||     5
Throw: Boomerang         |     7 |       |       ||     7
       Javelin           |       |    18 |     2 ||    20
  Use: Scroll            |     7 |     7 |       ||    14
       Potion            |       |     4 |     3 ||     7
Armor: Leather armour    |     2 |       |       ||     2
       Scale mail        |    21 |    71 |    10 ||   102
Dodge: Dodged            |    28 |    82 |    21 ||   131

Table legend:
 A = Non-vault XP
 B = Vault XP
 C = Vault XP percentage of total XP
 D = Non-vault monster count
 E = Vault monster count
 F = Vault count percentage of total count
                 A         B        C        D         E       F
            +---------+---------+-------+---------+---------+-------
      Total |     795 |      76 |   8.7 |      86 |       4 |   4.4
            +---------+---------+-------+---------+---------+-------
        D:1 |      26 |       0 |   0.0 |      14 |       0 |   0.0
        D:2 |      48 |       0 |   0.0 |      20 |       0 |   0.0
        D:3 |      59 |       7 |  10.6 |      14 |       3 |  17.6
        D:4 |     181 |       0 |   0.0 |      23 |       0 |   0.0
        D:5 |     468 |      69 |  12.8 |      13 |       1 |   7.1
        D:6 |      13 |       0 |   0.0 |       2 |       0 |   0.0
            +---------+---------+-------+---------+---------+-------
